 Dungeon Crawl Stone Soup version 0.19-a0-32-gbfd796a (webtiles) character file.

46 namelastname112 the Magician (level 3, -4/26 HPs)
             Began as a Draconian Wizard on May 3, 2016.
             Slain by a worm (7 damage)
             ... on level 2 of the Dungeon.
             The game lasted 00:02:09 (1075 turns).

namelastname112 the Magician (Draconian Wizard)     Turns: 1075, Time: 00:02:10

Health: -4/26      AC:  5    Str:  9    XL:     3   Next: 44%
Magic:  3/8        EV: 12    Int: 16    God:
Gold:   52         SH:  0    Dex:  9    Spells: 3 memorised, 3 levels left

rFire  . . .     SeeInvis .     d - +0 dagger
rCold  . . .     Gourm    .     (armour unavailable)
rNeg   . . .     Faith    .     (no shield)
rPois  .         Spirit   .     a - +0 hat
rElec  .         Dismiss  .     (no cloak)
rCorr  .         Reflect  .     (no gloves)
SustAt .         Harm     .     (no boots)
MR     .....                    (no amulet)
Stlth  +.........               (no ring)
                                h - -3 ring of intelligence (curse)

@: very slightly contaminated, hasted, repel missiles, very quick, not resistant
to hostile enchantments, very unstealthy
A: unfitting armour, cold-blooded, AC +5
a: no special abilities


You were on level 2 of the Dungeon.
You were hungry.

You visited 1 branch of the dungeon, and saw 2 of its levels.

You collected 52 gold pieces.

Inventory:

Hand Weapons
 d - a +0 dagger (weapon)
Armour
 a - a +0 hat (worn)
 g - a +2 pair of gloves
Jewellery
 h - a cursed -3 ring of intelligence (left hand)
Books
 b - a book of Minor Magic

   Spells                             Type                      Level
   a - Magic Dart                     Conjuration                  1
   b - Blink                          Translocation                2
   c - Call Imp                       Summoning                    2
   d - Repel Missiles                 Charms/Air                   2
   e - Slow                           Hexes                        2
   f - Conjure Flame                  Conjuration/Fire             3
   g - Mephitic Cloud                 Conjuration/Poison/Air       3
Comestibles
 c - a bread ration


   Skills:
 - Level 1.7 Dodging
 - Level 1.7 Stealth
 + Level 3.5 Spellcasting
 + Level 2.6 Conjurations
   Level 1.0 Summonings
   Level 1.0 Translocations


You had 3 spell levels left.
You knew the following spells:

 Your Spells              Type           Power        Failure   Level  Hunger
a - Mephitic Cloud        Conj/Pois/Air  #.......     38%         3    ###....
b - Repel Missiles        Chrm/Air       #.....       30%         2    ##.....
z - Magic Dart            Conj           ##..         8%          1    None


Dungeon Overview and Level Annotations

Branches:
Dungeon (2/15)

Altars:


Innate Abilities, Weirdness & Mutations

Your plain brown scales are hard (AC +5).
Your body does not fit into most forms of armour.
You are cold-blooded and may be slowed by cold attacks.


Message History

You tail-slap the quokka, but do no damage.
The quokka is almost dead.
The quokka bites you.
You take 4 damage, and have 12/26 hp.
You barely miss the quokka.
Your tail-slap misses the quokka.
The quokka is almost dead.
You closely miss the quokka.
The quokka is almost dead.
The quokka bites you.
You take 3 damage, and have 10/26 hp.
You barely miss the quokka.
The quokka is almost dead.
The quokka bites you.
You take 2 damage, and have 8/26 hp.
You hit the quokka.
You kill the quokka!
The goblin hits you with a club.
* * * LOW HITPOINT WARNING * * *
The worm bites you!
You die...

.. .#. #. #.#.
...##. ...# .
...#.## #..##.
.....###....
#.#.......# #
#(...##...## # ...
#...# #...#.# $#
#..###g#...# ##
###.....w@#.......
#...###(#.#....%..
#)### #.#.........
#.# #...##.#####
##g# #...# .# #
#.w# #...# ## #
#.## #...# ###
###.# ####.
w.###...#


You could see a worm and a goblin.

Vanquished Creatures
  An adder (D:2)
  2 oozes (D:1)
  A dart slug (D:1)
  A giant gecko (D:1)
  4 hobgoblins
  2 kobolds (D:1)
  A quokka (D:2)
  3 bats (D:1)
  3 giant newts (D:1)
  5 goblins
  2 rats (D:1)
25 creatures vanquished.

Notes
Turn   | Place    | Note
--------------------------------------------------------------
     0 | D:1      | namelastname112 the Draconian Wizard began the quest for the Orb.
     0 | D:1      | Reached XP level 1. HP: 14/14 MP: 4/4
   315 | D:1      | Reached XP level 2. HP: 20/20 MP: 0/6
   644 | D:1      | Reached XP level 3. HP: 26/26 MP: 0/7
   977 | D:2      | Learned a level 3 spell: Mephitic Cloud
   980 | D:2      | Learned a level 2 spell: Repel Missiles
  1075 | D:2      | Slain by a worm

Vault maps used:
D:1:      zaba_arrival_water
D:2:      first_bread, makhleb_heckhound_becter

Skill      XL: |  1  2 |
---------------+-------+-----
Conjurations   | 2 |  2.6
Dodging        | |  1.7
Stealth        | |  1.7
Spellcasting   | |  3.5
Summonings     | |  1.0
Translocations | |  1.0

Action                   || total
-------------------------++-------
Melee: Unarmed           ||    14
       Dagger            ||    18
       Tailslap          ||     2
 Cast: Magic Dart        ||    58
       Repel Missiles    ||     1
  Use: Potion            ||     3
Armor: Skin              ||    15
Dodge: Dodged            ||    33
